 Dungeon Crawl Stone Soup version 0.32-a0-938-g40ac7a0f4d (webtiles) character file.

Game seed: 17148810336048733388

8531 Ijustatesigmund the Destroyer (level 11, 0/83 HPs)
             Began as a Gnoll Conjurer on Apr 15, 2024.
             Was a Believer of Vehumet.
             Slain by a vampire (4 damage)
             ... on level 8 of the Dungeon.
             The game lasted 00:22:11 (14549 turns).

Ijustatesigmund the Destroyer (Gnoll Conjurer)     Turns: 14549, Time: 00:22:12

Health: 0/83       AC:  4    Str:  7    XL:     11   Next: 32%
Magic:  5/23       EV: 13    Int: 21    God:    Vehumet [**....]
Gold:   487        SH:  0    Dex: 11    Spells: 19/26 levels left

rFire   + . .        g - +2 trident (drain)
rCold   + . .        (no shield)
rNeg    . . .        a - +0 robe
rPois   .            (no helmet)
rElec   .            x - scarf {rC+ rF+}
rCorr   .            (no gloves)
SInv    .            p - +1 pair of boots
Will    .....        f - amulet of regeneration
Stlth   ++           B - ring of wizardry
HPRegen 1.13/turn    l - ring of wizardry
MPRegen 0.18/turn

%: wizardry (x2)
@: silenced
A: fangs 1, strong nose, distributed training
a: Renounce Religion


You were on level 8 of the Dungeon.
You worshipped Vehumet.
Vehumet was pleased with you.
You visited 2 branches of the dungeon, and saw 9 of its levels.

You collected 487 gold pieces.

Inventory:

Hand Weapons
 g - a +2 trident of draining (weapon)
Missiles
 m - a throwing net
Armour
 a - a +0 robe (worn)
 p - a +1 pair of boots (worn)
 x - a scarf of resistance (worn)
Jewellery
 f - an amulet of regeneration (around neck)
 k - a ring of willpower
 l - a ring of wizardry (right hand)
 n - a ring of flight
 r - a +6 ring of intelligence
 B - a ring of wizardry (left hand)
Wands
 c - a wand of charming (10)
 F - a wand of flame (35)
Scrolls
 j - a scroll of poison
 q - a scroll of amnesia
 t - a scroll of immolation {unknown}
 u - a scroll of torment {unknown}
 y - a scroll of enchant weapon {unknown}
 A - a scroll of blinking {unknown}
 G - a scroll of summoning {unknown}
Potions
 b - a potion of magic
 d - a potion of curing
 e - a potion of attraction {unknown}
 i - a potion of invisibility {unknown}
 s - a potion of berserk rage {unknown}
 z - a potion of resistance {unknown}
 D - a potion of lignification {unknown}


   Skills:
 + Level 6.4 Fighting
 + Level 6.4 Short Blades
 + Level 6.4 Long Blades
 + Level 6.4 Axes
 + Level 6.4 Maces & Flails
 + Level 6.4 Polearms
 + Level 6.4 Staves
 + Level 6.4 Ranged Weapons
 + Level 6.4 Throwing
 + Level 6.4 Armour
 + Level 8.0 Dodging
 + Level 7.7 Stealth
 + Level 6.4 Shields
 + Level 6.4 Unarmed Combat
 + Level 8.2 Spellcasting
 + Level 9.0 Conjurations
 + Level 5.3 Hexes
 + Level 5.3 Summonings
 + Level 5.3 Necromancy
 + Level 5.3 Translocations
 + Level 5.3 Fire Magic
 + Level 5.3 Ice Magic
 + Level 5.3 Air Magic
 + Level 5.3 Earth Magic
 + Level 5.3 Alchemy
 + Level 7.0 Invocations
 + Level 6.4 Evocations
 + Level 5.8 Shapeshifting


You had 19 spell levels left.
You knew the following spells:

 Your Spells              Type           Power      Damage    Failure   Level
a - Magic Dart            Conj           100%       1d8       1%          1
b - Searing Ray           Conj           92%        2d7       1%          2
c - Iskenderun's Mystic Conj/Tloc 38%            2d9        (+2d4     1%          4

Your spell library contained the following spells:

 Spells                   Type           Power      Damage    Failure   Level
 Sting                    Conj/Alch      100%       1d9       1%          1
 Fulminant Prism          Conj/Alch      19%        3d10      1%          4
 Summon Forest            Summ/Tloc      15%        N/A       7%          5
 Eringya's Noxious Bog    Alch           15%        4d6       32%         6
 Summon Hydra             Summ           15%        N/A       85%         7


Dungeon Overview and Level Annotations

Branches:
Dungeon (8/15)             Temple (1/1) D:6            Lair (0/5) D:8

Altars:
Ashenzari
Cheibriados
Dithmenos
Elyvilon
Gozag
Hepliaklqana
Kikubaaqudgha
Makhleb
Nemelex Xobeh
Okawaru
Qazlal
Ru
Sif Muna
Trog
Uskayaw
Vehumet
Wu Jian
Yredelemnul
Zin
The Shining One

Shops:
D:4 (

Annotations:
D:2 Sigmund
D:6 3 runed translucent doors, P0WERM0DE's ghost, novice CoCK
D:8 1 runed translucent door, Prince Ribbit


Innate Abilities, Weirdness & Mutations

You have very sharp teeth.
Your uncanny sense of smell can sniff out nearby items.
Your experience applies equally to all skills.


Message History

The centaur warrior shoots an arrow.
The arrow misses you.
Casting: Iskenderun's Mystic Blast (mildly dangerous; 1% risk of failure)
Confirm with . or Enter, or press ? or * to list all spells.
You erupt in a blast of force!
The mystic blast hits the centaur warrior!
The centaur warrior is almost dead.
The mystic blast hits the wyvern!
You kill the wyvern!
Vehumet accepts your kill.
The centaur warrior shoots an arrow.
The arrow barely misses you.
A vampire comes into view.
The centaur warrior shoots an arrow.
The arrow misses you.
Casting: Iskenderun's Mystic Blast (mildly dangerous; 1% risk of failure)
Confirm with . or Enter, or press ? or * to list all spells.
You erupt in a blast of force!
The mystic blast hits the vampire.
The vampire is lightly damaged.
The vampire is knocked back by the mystic blast.
The vampire slams into the stone wall.
The mystic blast hits the centaur warrior.
The centaur warrior is almost dead.
The centaur warrior is knocked back by the mystic blast.
The centaur warrior slams into the stone wall.
You kill the centaur warrior!
Vehumet accepts your kill. Vehumet offers you knowledge of Sting.
Your Dodging skill increases to level 8!
Your Conjurations skill increases to level 9!
Your Invocations skill increases to level 7!
As you read the scroll labelled NIESOM HAME, it crumbles to dust.
A profound silence engulfs you.
It was a scroll of silence.
A boulder beetle comes into view.
The vampire attacks as it pursues you! The vampire hits you.
* * * LOW HITPOINT WARNING * * *
The vampire closely misses you.
Magic scrolls do not work when you're silenced!
The vampire attacks as it pursues you! The vampire barely misses you.
The vampire bites you but does no damage.
The vampire attacks as it pursues you! The vampire misses you.
The vampire bites you.
You die...

......###...# ∆∆
..#..
......##.....##
#...# #..
#.....#.....B)###
#...# #..
#####.#.........#
#..# #>.
#.#.......#..# #<#
#.. #.##......##....
#### #..
##.##......###....
#..# #F.
#.######..V## ...
#..##### # #.#
##..@###c. ##.......
######.#
##.'#.######...#####
.......#
###.....#.#...# #..
######.#
###.#....÷......#
#.. # #.#
##......#.##..#..#
#.. # #.#
#.......#####.##.#
#.. # #.# ##....###
####.# #.. ######.#
#....# ### #..
.......# ##.### #..


You could see a vampire.

Vanquished Creatures
  A two-headed ogre (D:8)
  A centaur warrior (D:8)
  Maurice (D:8)
  Joseph (D:8)
  Jeremiah (D:6)
  A komodo dragon (D:7)
  Grinder (D:5)
  A basilisk (D:8)
  5 yaks
  3 wyverns
  A steam dragon (D:8)
  Menkaure (D:5)
  6 water moccasins
  A sky beast (D:5)
  3 ogres
  6 orc warriors
  2 ice beasts
  4 wolves (D:8)
  5 centaurs
  A phantom (D:5)
  5 bullfrogs
  A gnoll sergeant (D:7)
  A scorpion (D:5)
  5 killer bees (D:8)
  2 vampire bats (D:8)
  2 howler monkeys
  5 hounds
  5 bombardier beetles
  2 jellies
  2 orc priests
  Natasha (twice) (D:2)
  6 iguanas
  7 orc wizards
  8 gnolls
  3 shadow imps
  11 adders
  2 white imps
  4 dart slugs
  2 ribbon worms (D:4)
  29 orcs
  2 bats (D:1)
  3 bat skeletons (D:8)
  3 bat zombies (D:8)
  7 endoplasms
  A giant cockroach (D:3)
  5 goblins
  8 hobgoblins
  4 jackals (D:2)
  2 quokkas
  7 ball pythons
  2 frilled lizards
  5 kobolds
  8 rats
207 creatures vanquished.

Notes
Turn   | Place    | Note
-------+----------+-------------------------------------------
     0 | D:1      | Ijustatesigmund the Gnoll Conjurer began the quest for the
                  | Orb.
     0 | D:1      | Reached XP level 1. HP: 13/13 MP: 6/6
   237 | D:1      | Reached XP level 2. HP: 19/19 MP: 4/7
   282 | D:1      | Learned a level 2 spell: Searing Ray
  1187 | D:2      | Reached skill level 5 in Spellcasting
  1187 | D:2      | Reached XP level 3. HP: 25/25 MP: 3/9
  1319 | D:2      | Reached skill level 1 in Invocations
  1389 | D:2      | Reached skill level 1 in Fighting
  1389 | D:2      | Reached skill level 1 in Short Blades
  1389 | D:2      | Reached skill level 1 in Long Blades
  1389 | D:2      | Reached skill level 1 in Axes
  1389 | D:2      | Reached skill level 1 in Maces & Flails
  1389 | D:2      | Reached skill level 1 in Polearms
  1389 | D:2      | Reached skill level 1 in Staves
  1389 | D:2      | Reached skill level 1 in Ranged Weapons
  1389 | D:2      | Reached skill level 1 in Throwing
  1389 | D:2      | Reached skill level 1 in Armour
  1389 | D:2      | Reached skill level 1 in Shields
  1389 | D:2      | Reached skill level 1 in Unarmed Combat
  1389 | D:2      | Reached skill level 1 in Evocations
  1493 | D:2      | Reached skill level 1 in Shapeshifting
  1493 | D:2      | Reached XP level 4. HP: 32/32 MP: 8/11
  1501 | D:2      | Learned a level 4 spell: Iskenderun's Mystic Blast
  1727 | D:2      | Reached skill level 1 in Hexes
  1727 | D:2      | Reached skill level 1 in Summonings
  1727 | D:2      | Reached skill level 1 in Necromancy
  1727 | D:2      | Reached skill level 1 in Translocations
  1727 | D:2      | Reached skill level 1 in Fire Magic
  1727 | D:2      | Reached skill level 1 in Ice Magic
  1727 | D:2      | Reached skill level 1 in Air Magic
  1727 | D:2      | Reached skill level 1 in Earth Magic
  1727 | D:2      | Reached skill level 1 in Alchemy
  1744 | D:2      | Noticed Natasha
  1753 | D:2      | Killed Natasha
  1794 | D:2      | Noticed Natasha
  1796 | D:2      | Killed Natasha
  1797 | D:2      | Reached XP level 5. HP: 37/37 MP: 3/12
  1983 | D:2      | Noticed Sigmund
  2001 | D:3      | Found a stormy altar of Qazlal.
  2932 | D:3      | Reached XP level 6. HP: 44/44 MP: 9/13
  3222 | D:3      | Found a faded altar of an unknown god.
  3281 | D:4      | Reached skill level 5 in Dodging
  3676 | D:4      | Found Bijaotu's Weapon Boutique.
  3760 | D:4      | Reached XP level 7. HP: 50/50 MP: 10/15
  4185 | D:5      | Entered Level 5 of the Dungeon
  4480 | D:5      | Reached skill level 5 in Stealth
  4576 | D:5      | Found a basalt altar of Yredelemnul.
  4576 | D:5      | Found a glowing silver altar of Zin.
  4577 | D:5      | Found an iron altar of Okawaru.
  4794 | D:5      | Reached XP level 8. HP: 42/58 MP: 10/16
  5010 | D:5      | Noticed Menkaure
  5017 | D:5      | Killed Menkaure
  5130 | D:5      | Noticed Grinder
  5137 | D:5      | Paralysed by Grinder for 2 turns
  5142 | D:5      | Killed Grinder
  5544 | D:5      | Found a broken altar of Ashenzari.
  6267 | D:6      | Found a staircase to the Ecumenical Temple.
  6274 | D:6      | Found a runed translucent gate.
  6274 | D:6      | Found a runed translucent gate.
  6274 | D:6      | Found a runed translucent gate.
  6278 | Temple   | Entered the Ecumenical Temple
  6293 | Temple   | Became a worshipper of Vehumet
  6702 | D:6      | Noticed Jeremiah
  6923 | D:6      | Killed Jeremiah
  6924 | D:6      | Reached XP level 9. HP: 65/65 MP: 7/18
  7054 | D:6      | Reached skill level 8 in Conjurations
  7708 | D:6      | Found a hazy altar of Hepliaklqana.
  7821 | D:6      | Noticed P0WERM0DE's ghost (novice CoCK)
  8457 | D:7      | Reached skill level 5 in Invocations
  8757 | D:7      | Noticed a komodo dragon
  9571 | D:7      | Reached skill level 5 in Fighting
  9571 | D:7      | Reached skill level 5 in Short Blades
  9571 | D:7      | Reached skill level 5 in Long Blades
  9571 | D:7      | Reached skill level 5 in Axes
  9571 | D:7      | Reached skill level 5 in Maces & Flails
  9571 | D:7      | Reached skill level 5 in Polearms
  9571 | D:7      | Reached skill level 5 in Staves
  9571 | D:7      | Reached skill level 5 in Ranged Weapons
  9571 | D:7      | Reached skill level 5 in Throwing
  9571 | D:7      | Reached skill level 5 in Armour
  9571 | D:7      | Reached skill level 5 in Shields
  9571 | D:7      | Reached skill level 5 in Unarmed Combat
  9571 | D:7      | Reached skill level 5 in Evocations
  9571 | D:7      | Reached XP level 10. HP: 74/74 MP: 18/20
  9832 | D:7      | Reached * piety under Vehumet
  9832 | D:7      | Offered knowledge of Sandblast by Vehumet.
 10367 | D:8      | Noticed a two-headed ogre
 10379 | D:8      | Killed a two-headed ogre
 10674 | D:8      | Reached skill level 5 in Shapeshifting
 10677 | D:8      | Noticed Joseph
 10721 | D:8      | Found a runed translucent door.
 12329 | D:8      | Killed Joseph
 12937 | D:8      | Found a staircase to the Lair.
 12991 | D:8      | Reached skill level 5 in Hexes
 12991 | D:8      | Reached skill level 5 in Summonings
 12991 | D:8      | Reached skill level 5 in Necromancy
 12991 | D:8      | Reached skill level 5 in Translocations
 12991 | D:8      | Reached skill level 5 in Fire Magic
 12991 | D:8      | Reached skill level 5 in Ice Magic
 12991 | D:8      | Reached skill level 5 in Air Magic
 12991 | D:8      | Reached skill level 5 in Earth Magic
 12991 | D:8      | Reached skill level 5 in Alchemy
 13014 | D:8      | Found a burning altar of Makhleb.
 13053 | D:8      | Reached XP level 11. HP: 81/81 MP: 19/22
 13135 | D:8      | Found an ancient bone altar of Kikubaaqudgha.
 13195 | D:8      | Noticed Prince Ribbit
 13209 | D:8      | Found a runed translucent door.
 13377 | D:8      | Noticed Maurice
 13389 | D:8      | Something stole a ring of flight
 13391 | D:8      | Something stole a throwing net
 13392 | D:8      | Something stole 49 gold
 13393 | D:8      | Something stole 412 gold
 14133 | D:8      | Killed Maurice
 14531 | D:8      | Noticed a centaur warrior
 14541 | D:8      | HP: 1/81 [centaur warrior/arrow (19)]
 14543 | D:8      | Reached ** piety under Vehumet
 14544 | D:8      | Killed a centaur warrior
 14544 | D:8      | Offered knowledge of Sting by Vehumet.
 14545 | D:8      | Reached skill level 9 in Conjurations
 14545 | D:8      | Noticed a boulder beetle
 14546 | D:8      | HP: 1/83 [vampire (6)]
 14549 | D:8      | Slain by a vampire

Illustrated notes

Levels and vault maps discovered:
D:1:      minmay_arrival_split_and_join, layout_basic
D:2:      layout_basic, minmay_pentomino_o2, uniq_natasha, uniq_sigmund
D:3:      layout_basic, nicolae_qazlal_scattered_showers,
          shapermc_ecumenical_altar_acropolis, nicolae_half_adder
D:4:      layout_rooms, serial_shops, shop
D:5:      layout_gridville, mainiacjoe_overflow_concentric_impassable,
          chequers_temple_overflow_statue_of_worship, uniq_menkaure,
          uniq_grinder
D:6:      layout_cave_pools, mainiacjoe_overflow_small_starburst,
          minmay_temple_entry_butterflies, gammafunk_ghost_icy,
          serial_column_ruins, column_ruins_open_tiny, column_ruins_grid_1,
          column_ruins_grid_3, column_ruins_corridor_dead_end,
          column_ruins_open_medium_water, hangedman_abyss_or_decor_stabs,
          chequers_serial_rivers_room_b, uniq_jeremiah
D:7:      cheibrodos_fzero, layout_layer_cave
D:8:      cheibrodos_histonic, layout_cave_pools, makhleb_blood_cavern_becter,
          kennysheep_vampire_church, minmay_lair_entry_grove,
          serial_co_window_serial, co_window_corner_a, co_window_paths_a,
          co_window_of_opportunity_a, co_window_paths_a,
          co_window_of_opportunity_a, co_window_corner_b, co_window_2corner,
          co_window_2corner, co_window_corner_b, co_window_unsneaky_path_c,
          co_window_unsneaky_path_a, glass_columns_a, glass_columns_b,
          uniq_maurice, uniq_prince_ribbit1, uniq_joseph
Temple:   nicolae_temple_bog_church

Skill      XL: |  1  2  3  4  5  6  7  8  9 10 11 |
---------------+----------------------------------+-----
Spellcasting   | 5 6 7 8 |  8.2
Invocations    | 1 2 3 4 5 6 7 |  7.0
Fighting       | 1 2 3 4 5 6 |  6.4
Short Blades   | 1 2 3 4 5 6 |  6.4
Long Blades    | 1 2 3 4 5 6 |  6.4
Axes           | 1 2 3 4 5 6 |  6.4
Maces & Flails | 1 2 3 4 5 6 |  6.4
Polearms       | 1 2 3 4 5 6 |  6.4
Staves         | 1 2 3 4 5 6 |  6.4
Ranged Weapons | 1 2 3 4 5 6 |  6.4
Throwing       | 1 2 3 4 5 6 |  6.4
Armour         | 1 2 3 4 5 6 |  6.4
Shields        | 1 2 3 4 5 6 |  6.4
Unarmed Combat | 1 2 3 4 5 6 |  6.4
Evocations     | 1 2 3 4 5 6 |  6.4
Shapeshifting  | 1 2 3 4 5 |  5.8
Hexes          | 1 2 3 4 5 |  5.3
Summonings     | 1 2 3 4 5 |  5.3
Necromancy     | 1 2 3 4 5 |  5.3
Translocations | 1 2 3 4 5 |  5.3
Fire Magic     | 1 2 3 4 5 |  5.3
Ice Magic      | 1 2 3 4 5 |  5.3
Air Magic      | 1 2 3 4 5 |  5.3
Earth Magic    | 1 2 3 4 5 |  5.3
Alchemy        | 1 2 3 4 5 |  5.3
Dodging        | 5 6 7 8 |  8.0
Stealth        | 5 6 7 |  7.7
Conjurations   | 8 9 |  9.0

Action                     |  1- 3 |  4- 6 |  7- 9 | 10-12 || total
---------------------------+-------+-------+-------+-------++-------
  Melee: Spear             |       |       |    16 |       ||    16
         Trident           |       |       |    49 |   107 ||   156
         Bite              |       |       |     4 |     9 ||    13
   Cast: Magic Dart        |    54 |   107 |   142 |    76 ||   379
         Searing Ray       |       |     5 |    33 |    28 ||    66
         Iskenderun's Myst |       |       |    18 |    35 ||    53
  Evoke: Wand              |       |       |       |     2 ||     2
    Use: Scroll            |       |       |     6 |     7 ||    13
         Potion            |       |       |     4 |     6 ||    10
   Stab: Sleeping          |       |       |       |     6 ||     6
 Armour: Robe              |       |    14 |    95 |   134 ||   243
  Dodge: Dodged            |     3 |     3 |    66 |   119 ||   191

Table legend: (Time is in decaauts)
 A = Elapsed time spent in this place.
 B = Non-inter-level travel time spent in this place.
 C = Inter-level travel time spent in this place.
 D = Time resting spent in this place.
 E = Time spent auto-exploring this place.
 F = Levels seen in this place.
 G = Mean time per level.
                   A        B        C        D        E       F      G
               +--------+--------+--------+--------+--------+-----+--------+
         Total |  14554 |  14271 |    283 |   6520 |   6189 |   9 | 1617.1 |
       Dungeon |  14523 |  14269 |    254 |   6520 |   6189 |   8 | 1815.4 |
        Temple |     30 |      1 |     29 |      0 |      0 |   1 |   30.0 |
               +--------+--------+--------+--------+--------+-----+--------+

Top non-repeatable levels by time:
     D:7: 3064 daAuts
     D:8: 2951 daAuts
     D:5: 2169 daAuts
     D:6: 2155 daAuts
     D:3: 1417 daAuts
     D:1: 1164 daAuts
     D:2: 836 daAuts
     D:4: 765 daAuts
  Temple: 30 daAuts
